 Dungeon Crawl Stone Soup version 0.17.1-1-g73c8601 (webtiles) character file.

3143 Peloso the Blocker (level 9, -1/79 HPs)
             Began as a Minotaur Fighter on Dec 26, 2015.
             Was a Priest of Okawaru.
             Killed by divine providence
             ... invoked by an orc priest
              (16 damage)
             ... on level 8 of the Dungeon.
             The game lasted 00:22:02 (6245 turns).

Peloso the Blocker (Minotaur Fighter)               Turns: 6245, Time: 00:22:02

Health: -1/79      AC: 10    Str: 28    XL:     9   Next: 62%
Magic:  8/8        EV: 10    Int:  5    God:    Okawaru [***...]
Gold:   400        SH: 14    Dex: 11    Spells: 0 memorised, 8 levels left

rFire  + . .     SeeInvis .     a - +0 long sword
rCold  + . .     Clarity  .     J - +0 chain mail
rNeg   . . .     SustAt   .     o - +2 shield {rC+}
rPois  .         Gourm    .     (helmet restricted)
rElec  .         Spirit   .     (no cloak)
rCorr  +         Warding  .     (no gloves)
rMut   .         Stasis   .     (no boots)
MR     .....                    E - amulet of resist corrosion
Stlth  ..........               (no ring)
                                (no ring)

@: mighty, very slightly contaminated, not resistant to hostile enchantments,
extremely unstealthy
A: retaliatory headbutt, horns 2, fire resistance 1
a: Heroism, Renounce Religion


You were on level 8 of the Dungeon.
You worshipped Okawaru.
Okawaru was most pleased with you.
You were near starving.

You visited 2 branches of the dungeon, and saw 9 of its levels.
You also visited: Sewer.

You collected 400 gold pieces.

Inventory:

Hand Weapons
 a - a +0 long sword (weapon)
 y - a +2 whip of flaming
Armour
 o - a +2 shield of cold resistance (worn)
 J - a +0 chain mail (worn)
Jewellery
 j - a +3 ring of evasion
 p - an uncursed ring of protection from fire
 E - an amulet of resist corrosion (around neck)
 I - an uncursed ring of wizardry
Wands
 s - a wand of heal wounds (2)
 G - a wand of fireball (9)
Scrolls
 i - a scroll of fear
 k - 4 scrolls of teleportation
 l - a scroll of recharging
 n - a scroll of fog
 t - 2 scrolls of enchant armour
 v - 4 scrolls of remove curse
 x - 2 scrolls of magic mapping
 C - 3 scrolls of amnesia
 H - a scroll of identify
Potions
 d - 3 potions of might
 h - 2 potions of poison {unknown}
 m - a potion of heal wounds
 q - a potion of resistance {unknown}
 r - 7 potions of curing
 u - a potion of magic
 w - 2 potions of haste {unknown}
 z - 2 potions of agility {unknown}
 A - a potion of lignification {unknown}
 B - 2 potions of brilliance {unknown}
 D - 5 potions of flight {unknown}
Comestibles
 e - 7 bread rations
 f - 8 meat rations


   Skills:
 + Level 7.1 Fighting
 + Level 7.0 Long Blades
 + Level 8.0 Armour
 + Level 6.4 Dodging
 + Level 0.8 Stealth
 + Level 9.4 Shields


You had 8 spell levels left.
You didn't know any spells.

Dungeon Overview and Level Annotations

Branches:
Dungeon (8/15)             Temple (1/1) D:7
   Lair: D:8-11

Altars:
Ashenzari
Elyvilon
Gozag
Nemelex Xobeh
Okawaru
Qazlal
Sif Muna
Vehumet
Yredelemnul
The Shining One

Shops:
D:6 !!*   D:8 (


Innate Abilities, Weirdness & Mutations

You reflexively headbutt those who attack you in melee.
You have a pair of horns on your head.
Your flesh is heat resistant.


Message History

Really walk onto that alarm trap?
Okay, then.
Found a murky golden potion.
A hippogriff comes into view.
The hippogriff screeches!
Found a stone staircase leading down.
You slash the hippogriff!
The hippogriff is heavily wounded.
You block the hippogriff's attack.
The hippogriff pecks you but does no damage.
You block the hippogriff's attack.
You slash the hippogriff! You headbutt the hippogriff!
You kill the hippogriff!
Okawaru accepts your kill.
Your Long Blades skill increases to level 7!
Your Armour skill increases to level 8!
Unknown command.
The orc priest calls down the wrath of Beogh upon you.
Something smites you!
You die...

##.=##....##
##........
##..####..#
#####o..##...
##..####.###....o###
##.#........##.^#
### #.#.######..#o##
.>###...# #.).##
≈≈≈≈≈#.##
###..###### ≈###≈#.#
#####.!...... ≈#
+...# #.>.@..######
≈###≈#..
...........#
≈≈≈≈≈###
####......##
........ ..........
########
############


You could see an orc warrior, an orc priest and an orc.

Vanquished Creatures
  A cyclops (D:7)
  A troll (D:7)
  The ghost of DeXoteric the Shooter, an amateur CeHu (Sewer)
  A hungry ghost (D:7)
  A hippogriff (D:8)
  An orc warrior (D:8)
  2 water moccasins
  A sky beast (D:7)
  An ice beast (D:7)
  2 centaurs
  3 big kobolds (Sewer)
  2 ogres (D:7)
  2 giant frogs
  A scorpion (D:5)
  A crimson imp (D:7)
  A giant frog zombie (D:7)
  4 hounds
  A centaur zombie (D:5)
  5 orc priests
  Ijyb (D:2)
  2 jellies
  An orc wizard (D:3)
  2 iguanas
  2 worker ants
  A hound zombie (D:7)
  A hound skeleton (D:7)
  8 gnolls
  12 adders
  3 shadow imps
  An ooze (Sewer)
  3 worms
  An adder skeleton (D:6)
  2 adder zombies
  18 orcs
  15 bats
  9 giant cockroaches
  5 hobgoblins
  23 kobolds
  2 quokkas (D:3)
  3 ball pythons
  A ball python skeleton (D:4)
  A giant gecko (D:6)
  A giant gecko skeleton (D:6)
  8 giant newts
  11 goblins
  8 jackals
  A jackal skeleton (D:4)
  A jackal zombie (D:6)
  A quokka zombie (D:5)
  12 rats
192 creatures vanquished.

Notes
Turn   | Place    | Note
--------------------------------------------------------------
     0 | D:1      | Peloso the Minotaur Fighter began the quest for the Orb.
     0 | D:1      | Reached XP level 1. HP: 19/19 MP: 0/0
    54 | D:1      | Reached XP level 2. HP: 24/27 MP: 1/1
   155 | D:1      | Reached skill level 4 in Fighting
   440 | D:2      | Noticed Ijyb
   469 | D:2      | Killed Ijyb
   469 | D:2      | Reached skill level 1 in Dodging
   469 | D:2      | Reached XP level 3. HP: 23/33 MP: 2/2
   564 | D:2      | Reached XP level 4. HP: 25/40 MP: 3/3
   570 | D:2      | Found a basalt altar of Yredelemnul.
  1184 | D:3      | Reached XP level 5. HP: 36/47 MP: 4/4
  1456 | D:3      | Reached skill level 5 in Shields
  1607 | D:3      | Reached XP level 6. HP: 39/55 MP: 5/5
  1721 | D:3      | Found a glowing drain.
  1726 | Sewer    | Entered a sewer
  1955 | Sewer    | Reached skill level 5 in Fighting
  1983 | Sewer    | Noticed DeXoteric's ghost (amateur CeHu)
  2006 | Sewer    | Killed DeXoteric's ghost
  2006 | Sewer    | Reached skill level 6 in Shields
  2006 | Sewer    | Reached XP level 7. HP: 50/61 MP: 6/6
  2106 | Sewer    | Reached skill level 5 in Armour
  2246 | D:4      | Found a shattered altar of Ashenzari.
  2398 | D:4      | Found an iron altar of Okawaru.
  2412 | D:4      | Became a worshipper of Warmaster Okawaru
  2507 | D:4      | Found a white marble altar of Elyvilon.
  2509 | D:4      | Found a stormy altar of Qazlal.
  2512 | D:4      | Found an opulent altar of Gozag.
  2513 | D:4      | Found a glowing golden altar of the Shining One.
  2555 | D:4      | Gained mutation: Your flesh is heat resistant. [potion of beneficial mutation]
  3095 | D:5      | Entered Level 5 of the Dungeon
  3161 | D:5      | Reached skill level 5 in Long Blades
  3512 | D:5      | Reached skill level 7 in Shields
  3512 | D:5      | Reached XP level 8. HP: 55/69 MP: 7/7
  4324 | D:6      | Reached * piety under Okawaru
  4374 | D:6      | Found a radiant altar of Vehumet.
  4398 | D:6      | Found Ohiehoex's Distillery.
  4466 | D:6      | Found Heux Keyl's Distillery.
  4753 | D:6      | Found Ithradack's Assorted Antiques.
  5090 | D:7      | Noticed a cyclops
  5104 | D:7      | Killed a cyclops
  5104 | D:7      | Reached skill level 5 in Dodging
  5111 | D:7      | Reached skill level 8 in Shields
  5232 | D:7      | Reached ** piety under Okawaru
  5232 | D:7      | Reached XP level 9. HP: 53/78 MP: 8/8
  5246 | D:7      | Found a sparkling altar of Nemelex Xobeh.
  5383 | D:7      | Noticed a troll
  5393 | D:7      | Killed a troll
  5418 | D:7      | Found a staircase to the Ecumenical Temple.
  5431 | Temple   | Entered the Ecumenical Temple
  5964 | D:7      | Reached skill level 9 in Shields
  6160 | D:8      | Found Lufakkeyrgh's Weapon Emporium.
  6226 | D:8      | HP: 2/79 [orc warrior/scimitar (18)]
  6229 | D:8      | Reached *** piety under Okawaru
  6245 | D:8      | Killed from afar by an orc priest

Action                   |  1- 3 |  4- 6 |  7- 9 || total
-------------------------+-------+-------+-------++-------
Melee: Long sword        |    95 |   224 |   312 ||   631
Evoke: Wand              |       |       |     1 ||     1
  Use: Scroll            |       |       |    18 ||    18
       Potion            |       |       |     4 ||     4
  Eat: Chunk             |       |     4 |    13 ||    17
       Pizza             |       |       |     1 ||     1
       Beef jerky        |       |       |     1 ||     1
